 Dungeon Crawl Stone Soup version 0.25-a0-949-gdd2af9e06e (webtiles) character file.

Game seed: 18161152416322494657, levelgen mode: deterministic

227 Lochraine the Conjurer (level 5, -1/36 HPs)
             Began as a Demonspawn Wanderer on May 8, 2020.
             Slain by a bullfrog (3 damage)
             ... on level 4 of the Dungeon.
             The game lasted 00:13:54 (5080 turns).

Lochraine the Conjurer (Demonspawn Wanderer)        Turns: 5080, Time: 00:13:54

Health: -1/36      AC:  4    Str: 14    XL:     5   Next: 70%
Magic:  5/10       EV: 10    Int: 13    God:
Gold:   201        SH:  4    Dex: 12    Spells: 8/11 levels left

rFire    . . .     SeeInvis .   s - +1 short sword (venom)
rCold    . . .     Gourm    .   a - +0 buckler
rNeg     + . .     Faith    .   x - +0 leather armour {rN+}
rPois    .         Spirit   .   (no helmet)
rElec    .         Reflect  .   (no cloak)
rCorr    .         Harm     .   (no gloves)
MR       .....                  (no boots)
Stlth    +.........             (no amulet)
HPRegen  0.12/turn              (no ring)
MPRegen  0.12/turn              (no ring)

@: very slightly contaminated
A: hooves 1, rugged brown scales 1
a: no special abilities


You were on level 4 of the Dungeon.
You were hungry.

You visited 1 branch of the dungeon, and saw 5 of its levels.

You collected 201 gold pieces.

Inventory:

Hand Weapons
 s - a +1 short sword of venom (weapon)
   (You took it off a kobold on level 2 of the Dungeon)
Armour
 a - a +0 buckler (worn)
   (You found it on level 3 of the Dungeon)
 k - a +3 ring mail of fire resistance
   (You found it on level 1 of the Dungeon)
 t - a +0 kite shield
   (You found it on level 2 of the Dungeon)
 x - a +0 leather armour of positive energy (worn)
   (You found it on level 3 of the Dungeon)
Jewellery
 e - an uncursed ring of poison resistance {unknown}
   (You found it on level 1 of the Dungeon)
 j - an uncursed ring of see invisible {unknown}
   (You found it on level 4 of the Dungeon)
 m - a cursed ring of teleportation {unknown}
   (You found it on level 2 of the Dungeon)
Wands
 c - a wand of disintegration (7)
   (You found it on level 2 of the Dungeon)
 p - a wand of polymorph (12)
   (You found it on level 2 of the Dungeon)
Scrolls
 b - 8 scrolls of teleportation {@r4}
 d - a scroll of remove curse {@r2}
 g - a scroll of enchant armour
 u - a scroll of blinking
 v - 2 scrolls of enchant weapon
Potions
 h - a potion of cancellation {unknown}
 i - a potion of resistance {unknown}
 l - a potion of might {unknown}
 o - a potion of brilliance {unknown}
 q - a potion of stabbing {unknown}
 z - a potion of haste {unknown}
Comestibles
 f - 12 rations
 n - 2 chunks of flesh


   Skills:
 - Level 1.0 Throwing
 + Level 2.3 Shields
 + Level 3.8 Spellcasting
 + Level 5.4 Conjurations
   Level 1.7 Earth Magic


You had 8 spell levels left.
You knew the following spells:

 Your Spells              Type           Power        Failure   Level  Hunger
a - Magic Dart            Conj           ###.         3%          1    #......
b - Searing Ray           Conj           ###...       5%          2    ##.....

Your spell library contained the following spells:

 Spells                   Type           Power        Failure   Level  Hunger
 Dazzling Flash           Conj/Hex       #.....       32%         3    ###....
 Fulminant Prism          Conj/Hex       #.........   71%         4    #####..
 Iskenderun's Mystic Bla  Conj/Tloc      #.......     71%         4    #####..


Dungeon Overview and Level Annotations

Branches:
Dungeon (5/15)
 Temple: D:4-7

Altars:

Annotations:
D:2 Ijyb
D:4 1 transporter


Innate Abilities, Weirdness & Mutations

You have large cloven feet.
You are partially covered in rugged brown scales. (AC +1, +3% HP)


Message History

You start resting.
Eating one of 3 chunks of flesh.
You eat one of the 3 chunks of flesh.
The orc is too close now for your liking.
You are too injured to fight recklessly!
You are too injured to fight recklessly!
You hit the orc.
The orc is poisoned.
You kick the orc. The orc closely misses you.
You barely miss the orc.
You kill the orc!
You hear the rusting of a distant drain.
Items here: )) [[ รท a +0 flail; a cursed +0 scale mail; a +0 dagger; a +0 robe; an orc skeleton You start resting.
You hear the rusting of a distant drain.
A bullfrog comes into view.
The bullfrog croaks.
The bullfrog hits you but does no damage.
You completely miss the bullfrog. Your kick misses the bullfrog.
The bullfrog barely misses you.
You miss the bullfrog. Your kick misses the bullfrog.
The bullfrog hits you but does no damage.
The bullfrog hits you.
You miss the bullfrog. You block the bullfrog's attack.
The bullfrog barely misses you.
You closely miss the bullfrog.
The bullfrog hits you but does no damage.
Aim: a bullfrog The magic dart hits the bullfrog.
The bullfrog hits you.
* * * LOW HITPOINT WARNING * * *
The bullfrog hits you but does no damage.
Aim: a bullfrog (lightly wounded)
The magic dart hits the bullfrog.
The bullfrog hits you.
* * * LOW HITPOINT WARNING * * *
Aim: a bullfrog (moderately wounded)
The magic dart hits the bullfrog.
The bullfrog hits you.
* * * LOW HITPOINT WARNING * * *
The bullfrog closely misses you.
Aim: a bullfrog (severely wounded)
You miscast Searing Ray.
You are very lightly contaminated with residual magic.
Nothing appears to happen.
You are feeling hungry.
The bullfrog hits you but does no damage.
The bullfrog barely misses you. The bullfrog misses you. The bullfrog hits you.
* * * LOW HITPOINT WARNING * * *
You hit the bullfrog.
The bullfrog is poisoned.
Your kick misses the bullfrog.
The bullfrog snags a nearby centipede with its tongue.
The bullfrog closely misses you. The bullfrog hits you.
You die...

.....###..####..
#...........#
###.........#
##........#
#.........
###......##.
#.......##
#.#......### #
###..@F..#
##.........
#.........
#...####.. ....#
. .#.... ##.....
##....


You could see a bullfrog.

Vanquished Creatures
  2 orc wizards
  A hound (D:4)
  2 gnolls
  An adder (D:4)
  An ooze (D:1)
  2 worms
  A dart slug (D:2)
  3 leopard geckos
  14 orcs
  11 bats
  6 giant cockroaches
  5 goblins
  6 hobgoblins
  3 quokkas
  2 ball pythons (D:1)
  3 frilled lizards
  7 kobolds
  7 rats
77 creatures vanquished.

Notes
Turn   | Place    | Note
-------+----------+-------------------------------------------
     0 | D:1      | Lochraine the Demonspawn Wanderer began the quest for the
                  | Orb.
     0 | D:1      | Lochraine set off with the following items: a +0 club, a
                  | scroll of teleportation {@r4}, a +0 robe, a ration; and the
                  | following spell memorised: Magic Dart; and the following
                  | spells available to memorise: Searing Ray, Dazzling Flash,
                  | Fulminant Prism, Iskenderun's Mystic Blast
     0 | D:1      | Reached XP level 1. HP: 13/13 MP: 3/3
    70 | D:1      | Gained mutation: You are partially covered in rugged brown
                  | scales. (AC +1, +3% HP) [demonic ancestry]
    70 | D:1      | Reached XP level 2. HP: 9/19 MP: 0/5
  1286 | D:2      | Gained mutation: You have large cloven feet. [demonic
                  | ancestry]
  1286 | D:2      | Reached XP level 3. HP: 24/24 MP: 2/7
  2267 | D:1      | Learned a level 2 spell: Searing Ray
  2848 | D:2      | Reached XP level 4. HP: 30/30 MP: 3/8
  3189 | D:3      | Noticed Ijyb
  3205 | D:2      | Noticed Ijyb
  3205 | D:2      | Ijyb changed into Ijyb the gnoll
  3840 | D:3      | Reached skill level 5 in Conjurations
  4275 | D:3      | Reached XP level 5. HP: 31/36 MP: 7/10
  4788 | D:5      | Entered Level 5 of the Dungeon
  4902 | D:4      | Found a transporter.
  5080 | D:4      | Slain by a bullfrog

Levels and vault maps discovered:
D:1:      ncdulo_lavacross, layout_loops_ring
D:2:      layout_basic, first_ration, kennysheep_small_spiral
D:3:      layout_rooms, hex_large, uniq_ijyb
D:4:      layout_layer_cave, gup_sewer_entry_bubbles,
          gammafunk_ghost_stat_death, uniq_sigmund
D:5:      layout_gridville, minmay_temple_entry_poolview, uniq_pikel

Skill      XL: |  1  2  3  4  5 |
---------------+----------------+-----
Spellcasting   | 3 |  3.8
Conjurations   | 5 |  5.4
Shields        | 2 |  2.3
Throwing       | |  1.0
Earth Magic    | |  1.7

Action                   |  1- 3 |  4- 6 || total
-------------------------+-------+-------++-------
Melee: Club              |    39 |       ||    39
       Short sword       |     9 |    68 ||    77
       Kick              |     2 |    12 ||    14
 Cast: Magic Dart        |    94 |    39 ||   133
       Searing Ray       |     1 |     5 ||     6
Evoke: Wand              |       |     1 ||     1
  Use: Scroll            |     1 |     6 ||     7
  Eat: Chunk             |     4 |     7 ||    11
       Ration            |     1 |       ||     1
Armor: Robe              |    18 |     2 ||    20
       Leather armour    |       |    16 ||    16
Dodge: Dodged            |    64 |    48 ||   112
Block: Buckler           |       |    15 ||    15

Table legend:
 A = Non-vault XP
 B = Vault XP
 C = Vault XP percentage of total XP
 D = Non-vault monster count
 E = Vault monster count
 F = Vault count percentage of total count
                 A         B        C        D         E       F
            +---------+---------+-------+---------+---------+-------
      Total |     325 |       0 |   0.0 |      77 |       0 |   0.0
            +---------+---------+-------+---------+---------+-------
        D:1 |      53 |       0 |   0.0 |      21 |       0 |   0.0
        D:2 |      59 |       0 |   0.0 |      22 |       0 |   0.0
        D:3 |     101 |       0 |   0.0 |      27 |       0 |   0.0
        D:4 |     112 |       0 |   0.0 |       7 |       0 |   0.0
            +---------+---------+-------+---------+---------+-------
